Islanders vs Hurricanes

Created - Wednesday, April 20, 2016 at 01:48

Goals
1 2 3 T
Islanders 0 2 0 2
Hurricanes 3 0 2 5
Shots
1 2 3 T
Islanders 6 10 5 21
Hurricanes 13 12 8 33

1st period

1. Hurricanes , Marco Scandella 1 (Matt Read, Martin Hanzal) at 1:34
2. Hurricanes , Josh Bailey 1 (Mike Fisher) at 15:07
3. Hurricanes , Jiri Hudler 1 (Stephane Robidas, Eric Staal) at 19:54 (PP)

Penalties :
Alexei Emelin (NYI) for Hooking (Minor) at 18:00

2nd period

4. Islanders , Erik Karlsson 3 (Jamie Benn, Kevin Klein) at 0:14
5. Islanders , Patrik Berglund 1 (Alexei Emelin, Rob Scuderi) at 12:27

Penalties :
Olli Maatta (NYI) for Slashing (Minor) at 5:58, Stephane Robidas (Car) for Interference (Minor) at 9:53

3rd period

6. Hurricanes , Marian Gaborik 4 (Stephane Robidas) at 5:53 (PP)
7. Hurricanes , Marian Gaborik 5 (Thomas Hickey) at 15:07 (PP)

Penalties :
Dustin Brown (NYI) for Holding (Minor) at 5:30, Marco Scandella (Car) for Holding (Minor) at 7:57, Travis Hamonic (NYI) for Interference (Minor) at 13:56

Goalie Stats

Braden Holtby (NYI), 28 saves from 33 shots - (0.848), L, 3-1-0, 60:00 minutes
Jonas Hiller (Car), 19 saves from 21 shots - (0.905), W, 1-1-0, 60:00 minutes

Players Stats for Islanders

Player Name              G  A  P  +/- PIM S  H  SB GA TA FO     MP     PP MP  PK MP  
------------------------------------------------------------------------------------
Alexei Emelin            0  1  1   1  2   0  4  0  0  0  0/0    15:40   0:00   1:40 
Brandon Pirri            0  0  0   1  0   1  2  1  1  0  0/0    16:40   2:21   0:00 
Carl Hagelin             0  0  0   0  0   0  3  0  1  0  0/0    16:34   1:37   1:01 
David Krejci             0  0  0   1  0   0  0  0  2  1  8/14   16:40   2:21   0:00 
Dustin Brown             0  0  0  -1  2   1  5  1  2  2  0/0    14:00   2:27   0:00 
Erik Karlsson            1  0  1   1  0   2  0  0  0  0  0/0    23:37   3:58   0:00 
Jamie Benn               0  1  1   1  0   0  2  0  3  0  0/0    16:40   2:21   0:00 
Joe Pavelski             0  0  0   0  0   5  0  0  2  1  4/5    15:11   1:37   0:00 
Kevin Klein              0  1  1   1  0   1  2  0  0  0  0/0    17:33   0:00   2:37 
Lauri Korpikoski         0  0  0   0  0   1  0  1  3  1  0/1    15:24   0:00   4:38 
Marcel Goc               0  0  0   0  0   2  1  0  1  0  7/10   11:33   0:00   0:25 
Marian Hossa             0  0  0   0  0   0  2  1  0  0  0/0    15:11   1:37   0:00 
Olli Maatta              0  0  0  -2  2   0  0  1  0  0  0/0    18:47   0:00   1:53 
Patrik Berglund          1  0  1   0  0   3  0  0  3  0  0/0    10:46   0:00   0:00 
Paul Gaustad             0  0  0  -1  0   1  0  1  0  1  9/15   16:24   0:00   4:50 
Rob Scuderi              0  1  1   1  0   1  0  0  0  4  0/0    21:10   0:00   2:37 
Travis Hamonic           0  0  0  -2  2   1  3  0  0  1  0/0    18:39   0:00   2:07 
Tyler Ennis              0  0  0  -1  0   2  0  1  3  0  0/2    14:00   1:31   0:00 

Players Stats for Hurricanes

Player Name              G  A  P  +/- PIM S  H  SB GA TA FO     MP     PP MP  PK MP  
------------------------------------------------------------------------------------
Andrew Ebbett            0  0  0  -1  0   1  0  0  0  0  1/8    12:51   0:00   1:41 
Eric Staal               0  1  1   0  0   3  1  0  1  0  4/8    15:49   2:38   0:00 
Fedor Tyutin             0  0  0   0  0   0  0  1  0  2  0/0    19:11   0:00   3:03 
Jared Spurgeon           0  0  0  -1  0   2  0  2  0  0  0/0    21:52   1:53   1:39 
Jiri Hudler              1  0  1   0  0   4  0  0  3  0  1/1    15:49   2:38   0:00 
Josh Bailey              1  0  1   0  0   1  1  0  0  0  0/1    16:19   2:49   0:00 
Kris Versteeg            0  0  0   0  0   1  1  0  2  0  0/1    15:49   2:38   0:00 
Marco Scandella          1  0  1   0  2   4  3  2  0  0  0/0    20:15   3:34   0:00 
Marian Gaborik           2  0  2   0  0   3  1  0  1  0  0/0    16:19   2:49   0:00 
Martin Hanzal            0  1  1   1  0   3  1  0  1  0  5/10   15:01   0:00   2:17 
Matt Read                0  1  1   1  0   2  2  0  2  1  0/1    15:01   0:00   2:17 
Mike Fisher              0  1  1   0  0   2  0  0  1  1  5/12   16:27   2:49   0:00 
Mike Weaver              0  0  0   1  0   1  1  1  1  3  0/0    17:52   0:00   2:19 
Mikhail Grabovski        0  0  0   1  0   1  0  0  2  0  2/4    12:36   0:00   0:00 
Stephane Robidas         0  2  2  -1  2   1  2  1  0  1  0/0    21:07   1:53   0:55 
Stephen Gionta           0  0  0  -1  0   1  1  0  0  0  0/0    12:51   0:00   1:41 
Thomas Hickey            0  1  1   0  0   1  3  1  1  0  0/0    20:16   3:34   0:00 
Viktor Stalberg          0  0  0   0  0   2  1  1  0  0  1/1    10:35   0:00   0:00 

3 Stars

1 - Marian Gaborik (Car)
2 - Erik Karlsson (NYI)
3 - Josh Bailey (Car)

Power Play

Islanders - 0 on 2 Attempt(s) - 0.00%
Hurricanes - 3 on 4 Attempt(s) - 75.00%

Penalty Kill

Islanders - 1 on 4 Attempt(s) - 25.00% - Score 0 goal in Penalty Kill
Hurricanes - 2 on 2 Attempt(s) - 100.00% - Score 0 goal in Penalty Kill

Team Stat

Islanders - Hits : 24 - Faceoff Wins : 28 - Blocked Shots : 7 - Penalty Minutes : 8
Hurricanes - Hits : 18 - Faceoff Wins : 19 - Blocked Shots : 9 - Penalty Minutes : 4

Official

Referees : Unknown
Linesman : Unknown

Game Notes

No Game Note

Finance

Level 1 -- Attendance: 6000 (100.00%) -- Ticket Income $498,000
Level 2 -- Attendance: 4913 (98.26%) -- Ticket Income $245,650
Level 3 -- Attendance: 2000 (100.00%) -- Ticket Income $60,000
Level 4 -- Attendance: 4000 (100.00%) -- Ticket Income $52,000
Luxury Box -- Attendance: 1000 (100.00%) -- Ticket Income $180,000
Game was played at the RBC Arena.
Total Attendance: 17913 (99.52%)
Total Ticket Income: $1,035,650
Other Income: $507,468
Total Income: $1,543,118

Islanders

5 vs 5 Forward 
   Center                   Left Wing                Right Wing               Time % Phy DF OF 
 1 David Krejci             Jamie Benn               Brandon Pirri            32     1   2  2  
 2 Joe Pavelski             Carl Hagelin             Marian Hossa             27     1   2  2  
 3 Paul Gaustad             Dustin Brown             Tyler Ennis              23     1   2  2  
 4 Marcel Goc               Lauri Korpikoski         Patrik Berglund          18     1   2  2  

5 vs 5 Defense 
   Defense                  Defense                                           Time % Phy DF OF 
 1 Erik Karlsson            Kevin Klein                                       33     1   2  2  
 2 Olli Maatta              Travis Hamonic                                    30     1   2  2  
 3 Rob Scuderi              Alexei Emelin                                     24     0   3  2  
 4 Erik Karlsson            Rob Scuderi                                       13     1   2  2  

PowerPlay Forward 
   Center                   Left Wing                Right Wing               Time % Phy DF OF 
 1 David Krejci             Jamie Benn               Brandon Pirri            57     1   2  2  
 2 Joe Pavelski             Carl Hagelin             Marian Hossa             43     1   2  2  

PowerPlay Defense
   Defense                  Defense                                           Time % Phy DF OF 
 1 Erik Karlsson            Dustin Brown                                      60     1   2  2  
 2 Erik Karlsson            Tyler Ennis                                       40     1   2  2  

Penalty Kill 4 Players Forward 
   Center                   Wing                     Time % Phy DF OF 
 1 Paul Gaustad             Lauri Korpikoski         60     1   2  2  
 2 Marcel Goc               Carl Hagelin             40     1   2  2  

Penalty Kill 4 Players Defense
   Defense                  Defense                  Time % Phy DF OF 
 1 Rob Scuderi              Kevin Klein              50     1   2  2  
 2 Olli Maatta              Alexei Emelin            50     0   3  2  

Penalty Kill - 3 Players Forward 
   Forward                                           Time % Phy DF OF 
 1 Paul Gaustad                                      60     1   2  2  
 2 Marcel Goc                                        40     1   2  2  

Penalty Kill - 3 Players Defense
   Defense                  Defense                  Time % Phy DF OF 
 1 Kevin Klein              Rob Scuderi              50     1   2  2  
 2 Travis Hamonic           Alexei Emelin            50     0   3  2  

4 vs 4 Forward 
   Center                   Wing                     Time % Phy DF OF 
 1 David Krejci             Jamie Benn               60     1   2  2  
 2 Joe Pavelski             Marian Hossa             40     1   2  2  

4 vs 4 Defense
   Defense                  Defense                  Time % Phy DF OF 
 1 Erik Karlsson            Kevin Klein              60     1   2  2  
 2 Olli Maatta              Travis Hamonic           40     1   2  2  

Last Minutes Offensive
   Center                   Left Wing                Right Wing               Defense                  Defense                  
   Joe Pavelski             Jamie Benn               Brandon Pirri            Erik Karlsson            Olli Maatta              

Last Minutes Defensive
   Center                   Left Wing                Right Wing               Defense                  Defense                  
   Paul Gaustad             Joe Pavelski             Carl Hagelin             Olli Maatta              Rob Scuderi              

Goaltenders
Starting : Braden Holtby            
Backup : Andrew Hammond           

Extra Forwards
Normal : Jamie Benn, Joe Pavelski, Dustin Brown - PP : David Krejci, Jamie Benn - PK : Carl Hagelin
Extra Defensemen
Normal : Erik Karlsson, Travis Hamonic, Olli Maatta - PP : Erik Karlsson - PK : Olli Maatta, Travis Hamonic
Penalty Shots
Joe Pavelski, Tyler Ennis, Jamie Benn, Dustin Brown, Erik Karlsson

Hurricanes

5 vs 5 Forward 
   Center                   Left Wing                Right Wing               Time % Phy DF OF 
 1 Mike Fisher              Josh Bailey              Marian Gaborik           28     0   3  2  
 2 Eric Staal               Kris Versteeg            Jiri Hudler              27     0   3  2  
 3 Martin Hanzal            Mikhail Grabovski        Matt Read                25     0   2  3  
 4 Andrew Ebbett            Viktor Stalberg          Stephen Gionta           20     0   2  3  

5 vs 5 Defense 
   Defense                  Defense                                           Time % Phy DF OF 
 1 Jared Spurgeon           Stephane Robidas                                  35     0   3  2  
 2 Thomas Hickey            Marco Scandella                                   35     0   3  2  
 3 Fedor Tyutin             Mike Weaver                                       30     1   2  2  
 4 Jared Spurgeon           Stephane Robidas                                  0      0   3  2  

PowerPlay Forward 
   Center                   Left Wing                Right Wing               Time % Phy DF OF 
 1 Mike Fisher              Josh Bailey              Marian Gaborik           50     0   1  4  
 2 Eric Staal               Kris Versteeg            Jiri Hudler              50     0   1  4  

PowerPlay Defense
   Defense                  Defense                                           Time % Phy DF OF 
 1 Jared Spurgeon           Stephane Robidas                                  50     0   1  4  
 2 Thomas Hickey            Marco Scandella                                   50     0   1  4  

Penalty Kill 4 Players Forward 
   Center                   Wing                     Time % Phy DF OF 
 1 Andrew Ebbett            Stephen Gionta           50     0   4  1  
 2 Martin Hanzal            Matt Read                50     0   4  1  

Penalty Kill 4 Players Defense
   Defense                  Defense                  Time % Phy DF OF 
 1 Fedor Tyutin             Mike Weaver              50     1   4  0  
 2 Jared Spurgeon           Stephane Robidas         50     1   4  0  

Penalty Kill - 3 Players Forward 
   Forward                                           Time % Phy DF OF 
 1 Andrew Ebbett                                     50     0   5  0  
 2 Martin Hanzal                                     50     0   5  0  

Penalty Kill - 3 Players Defense
   Defense                  Defense                  Time % Phy DF OF 
 1 Fedor Tyutin             Mike Weaver              50     1   4  0  
 2 Jared Spurgeon           Stephane Robidas         50     1   4  0  

4 vs 4 Forward 
   Center                   Wing                     Time % Phy DF OF 
 1 Mike Fisher              Marian Gaborik           50     0   3  2  
 2 Eric Staal               Jiri Hudler              50     0   3  2  

4 vs 4 Defense
   Defense                  Defense                  Time % Phy DF OF 
 1 Jared Spurgeon           Stephane Robidas         50     0   2  3  
 2 Thomas Hickey            Marco Scandella          50     0   2  3  

Last Minutes Offensive
   Center                   Left Wing                Right Wing               Defense                  Defense                  
   Mike Fisher              Jiri Hudler              Marian Gaborik           Jared Spurgeon           Marco Scandella          

Last Minutes Defensive
   Center                   Left Wing                Right Wing               Defense                  Defense                  
   Mike Fisher              Andrew Ebbett            Matt Read                Fedor Tyutin             Mike Weaver              

Goaltenders
Starting : Jonas Hiller             
Backup : Michal Neuvirth          

Extra Forwards
Normal : Mike Fisher, Jiri Hudler, Marian Gaborik - PP : Marian Gaborik, Jiri Hudler - PK : Andrew Ebbett
Extra Defensemen
Normal : Jared Spurgeon, Fedor Tyutin, Stephane Robidas - PP : Fedor Tyutin - PK : Stephane Robidas, Fedor Tyutin
Penalty Shots
Fedor Tyutin, Andrew Ebbett, Marian Gaborik, Josh Bailey, Jiri Hudler

% Time on Ice - Islanders

Lines # - Real PCT - Wanted PCT - Time Play
Normal Forward
1 - 28% - 32% - 14:19
2 - 28% - 27% - 13:56
3 - 23% - 23% - 11:34
4 - 21% - 18% - 10:46
Normal Defense
1 - 30% - 33% - 14:56
2 - 35% - 30% - 17:28
3 - 28% - 24% - 14:01
4 - 8% - 13% - 4:10
PP Forward
1 - 59% - 57% - 2:21
2 - 41% - 43% - 1:37
PP Defense
1 - 62% - 60% - 2:27
2 - 38% - 40% - 1:31
PK Forward
1 - 92% - 60% - 5:02
2 - 8% - 40% - 0:25
PK Defense
1 - 48% - 50% - 2:37
2 - 52% - 50% - 2:50
PK3 Forward
1 - 0% - 60%
2 - 0% - 40%
PK3 Defense
1 - 0% - 50%
2 - 0% - 50%
44 Forward
1 - 0% - 60%
2 - 0% - 40%
44 Defense
1 - 0% - 60%
2 - 0% - 40%
Last Minute Offensive  - 0:00
Last Minute Defensive  - 0:00
Total
Forward - 60:00
Defense - 60:00

% Time on Ice - Hurricanes

Lines # - Real PCT - Wanted PCT - Time Play
Normal Forward
1 - 28% - 28% - 14:05
2 - 26% - 27% - 13:19
3 - 25% - 25% - 12:36
4 - 21% - 20% - 10:35
Normal Defense
1 - 35% - 35% - 17:45
2 - 34% - 35% - 17:17
3 - 31% - 30% - 15:33
4 - 0% - 0% - 0:00
PP Forward
1 - 52% - 50% - 2:49
2 - 48% - 50% - 2:38
PP Defense
1 - 35% - 50% - 1:53
2 - 65% - 50% - 3:34
PK Forward
1 - 42% - 50% - 1:41
2 - 58% - 50% - 2:17
PK Defense
1 - 58% - 50% - 2:19
2 - 42% - 50% - 1:39
PK3 Forward
1 - 0% - 50%
2 - 0% - 50%
PK3 Defense
1 - 0% - 50%
2 - 0% - 50%
44 Forward
1 - 0% - 50%
2 - 0% - 50%
44 Defense
1 - 0% - 50%
2 - 0% - 50%
Last Minute Offensive  - 0:00
Last Minute Defensive  - 0:00
Total
Forward - 60:00
Defense - 60:00

Play by Play

1st period


0:01 of 1st period - David Krejci wins face-off versus Josh Bailey in neutral zone.
1:19 of 1st period - Wrist shot by Kris Versteeg.
1:19 of 1st period - Stopped by Braden Holtby without a rebound.
1:20 of 1st period - Martin Hanzal wins face-off versus Paul Gaustad in Islanders zone.
1:24 of 1st period - Slapshot by Thomas Hickey.
1:24 of 1st period - Shot Blocked by Tyler Ennis.
1:30 of 1st period - Wrist shot by Martin Hanzal.
1:30 of 1st period - Stopped by Braden Holtby with a rebound.
1:32 of 1st period - Snap shot by Matt Read.
1:32 of 1st period - Shot Misses the Net.
1:34 of 1st period - Snap shot by Marco Scandella.
1:34 of 1st period - Goal by Marco Scandella - Islanders : 0 - Hurricanes : 1.
1:35 of 1st period - Marcel Goc wins face-off versus Andrew Ebbett in neutral zone.
1:38 of 1st period - Mike Weaver is hit by Alexei Emelin and loses puck.
3:10 of 1st period - Wrist shot by Mikhail Grabovski.
3:10 of 1st period - Shot Misses the Net.
3:32 of 1st period - Travis Hamonic is hit by Thomas Hickey and loses puck.
3:49 of 1st period - Slapshot by Erik Karlsson.
3:49 of 1st period - Deflect By Joe Pavelski.
3:49 of 1st period - Stopped by Jonas Hiller with a rebound.
4:14 of 1st period - Joe Pavelski is hit by Thomas Hickey and loses puck.
4:45 of 1st period - Snap shot by Mike Fisher.
4:45 of 1st period - Shot Misses the Net.
4:47 of 1st period - Slapshot by Stephane Robidas.
4:47 of 1st period - Stopped by Braden Holtby without a rebound.
4:48 of 1st period - Marcel Goc wins face-off versus Mike Fisher in Islanders zone.
6:00 of 1st period - Stephane Robidas is hit by Dustin Brown.
6:29 of 1st period - Olli Maatta is hit by Stephen Gionta.
6:38 of 1st period - Kevin Klein is hit by Stephane Robidas.
7:59 of 1st period - Slapshot by Martin Hanzal.
7:59 of 1st period - Deflect By Mikhail Grabovski.
7:59 of 1st period - Shot Blocked by Dustin Brown.
7:59 of 1st period - Puck is out of play.
8:00 of 1st period - Martin Hanzal wins face-off versus Tyler Ennis in Islanders zone.
8:01 of 1st period - Snap shot by Mikhail Grabovski.
8:01 of 1st period - Stopped by Braden Holtby without a rebound.
8:02 of 1st period - Paul Gaustad wins face-off versus Mikhail Grabovski in Islanders zone.
8:11 of 1st period - Jared Spurgeon is hit by Dustin Brown and loses puck.
8:59 of 1st period - Jiri Hudler is hit by Jamie Benn and loses puck.
9:51 of 1st period - Slapshot by Mike Fisher.
9:51 of 1st period - Shot Blocked by Marian Hossa.
10:02 of 1st period - Mike Weaver is hit by Carl Hagelin and loses puck.
10:13 of 1st period - Josh Bailey is hit by Travis Hamonic and loses puck.
11:03 of 1st period - Viktor Stalberg is hit by Jamie Benn and loses puck.
11:34 of 1st period - Dustin Brown is hit by Matt Read.
12:31 of 1st period - Olli Maatta is hit by Kris Versteeg and loses puck.
13:16 of 1st period - Mike Weaver is hit by Travis Hamonic and loses puck.
13:27 of 1st period - Slapshot by Erik Karlsson.
13:27 of 1st period - Stopped by Jonas Hiller with a rebound.
13:31 of 1st period - Snap shot by Marcel Goc.
13:31 of 1st period - Stopped by Jonas Hiller without a rebound.
13:32 of 1st period - Paul Gaustad wins face-off versus Andrew Ebbett in Hurricanes zone.
14:22 of 1st period - Snap shot by Joe Pavelski.
14:22 of 1st period - Stopped by Jonas Hiller without a rebound.
14:23 of 1st period - Jiri Hudler wins face-off versus Joe Pavelski in Hurricanes zone.
14:28 of 1st period - Carl Hagelin is hit by Stephane Robidas and loses puck.
15:01 of 1st period - Snap shot by Mike Fisher.
15:01 of 1st period - Stopped by Braden Holtby with a rebound.
15:03 of 1st period - Snap shot by Mike Fisher.
15:03 of 1st period - Stopped by Braden Holtby without a rebound.
15:04 of 1st period - Mike Fisher wins face-off versus Marcel Goc in Islanders zone.
15:07 of 1st period - Wrist shot by Josh Bailey.
15:07 of 1st period - Goal by Josh Bailey - Islanders : 0 - Hurricanes : 2.
15:08 of 1st period - Martin Hanzal wins face-off versus David Krejci in neutral zone.
15:13 of 1st period - Jamie Benn is hit by Marco Scandella and loses puck.
15:22 of 1st period - Slapshot by Travis Hamonic.
15:22 of 1st period - Shot Misses the Net.
15:36 of 1st period - Snap shot by Brandon Pirri.
15:36 of 1st period - Stopped by Jonas Hiller with a rebound.
15:38 of 1st period - Slapshot by Olli Maatta.
15:38 of 1st period - Deflect By David Krejci.
15:38 of 1st period - Shot Blocked by Thomas Hickey.
15:38 of 1st period - Puck is out of play.
15:39 of 1st period - Joe Pavelski wins face-off versus Eric Staal in Hurricanes zone.
16:06 of 1st period - Slapshot by Jiri Hudler.
16:06 of 1st period - Stopped by Braden Holtby with a rebound.
16:40 of 1st period - Thomas Hickey is hit by Kevin Klein and loses puck.
17:49 of 1st period - Snap shot by Patrik Berglund.
17:49 of 1st period - Stopped by Jonas Hiller without a rebound.
17:50 of 1st period - Marcel Goc wins face-off versus Andrew Ebbett in Hurricanes zone.
18:00 of 1st period - Minor Penalty to Alexei Emelin for Hooking.
18:01 of 1st period - Paul Gaustad wins face-off versus Kris Versteeg in Islanders zone.
18:17 of 1st period - Wrist shot by Eric Staal.
18:17 of 1st period - Stopped by Braden Holtby with a rebound.
18:19 of 1st period - Slapshot by Stephane Robidas.
18:19 of 1st period - Shot Misses the Net.
18:27 of 1st period - Snap shot by Jiri Hudler.
18:27 of 1st period - Stopped by Braden Holtby with a rebound.
18:29 of 1st period - Slapshot by Jared Spurgeon.
18:29 of 1st period - Deflect By Jiri Hudler.
18:29 of 1st period - Shot Misses the Net.
18:29 of 1st period - Puck is out of play.
18:30 of 1st period - Paul Gaustad wins face-off versus Mike Fisher in Islanders zone.
18:49 of 1st period - Off-side.
18:50 of 1st period - Mike Fisher wins face-off versus Paul Gaustad in neutral zone.
19:31 of 1st period - Snap shot by Kris Versteeg.
19:31 of 1st period - Shot Blocked by Olli Maatta.
19:33 of 1st period - Slapshot by Marco Scandella.
19:33 of 1st period - Shot Blocked by Lauri Korpikoski.
19:35 of 1st period - Slapshot by Jared Spurgeon.
19:35 of 1st period - Shot Misses the Net.
19:37 of 1st period - Wrist shot by Jiri Hudler.
19:37 of 1st period - Shot Misses the Net.
19:39 of 1st period - Slapshot by Jared Spurgeon.
19:39 of 1st period - Deflect By Olli Maatta.
19:39 of 1st period - Stopped by Braden Holtby without a rebound.
19:40 of 1st period - Eric Staal wins face-off versus Paul Gaustad in Islanders zone.
19:54 of 1st period - Snap shot by Jiri Hudler.
19:54 of 1st period - Goal by Jiri Hudler - Islanders : 0 - Hurricanes : 3.
19:55 of 1st period - David Krejci wins face-off versus Matt Read in neutral zone.
Goals for this period are 0 for Islanders vs 3 for Hurricanes.
Shots for this period are 6 for Islanders vs 13 for Hurricanes.

2nd period


0:01 of 2nd period - Mike Fisher wins face-off versus David Krejci in neutral zone.
0:14 of 2nd period - Backhand shot by Erik Karlsson.
0:14 of 2nd period - Goal by Erik Karlsson - Islanders : 1 - Hurricanes : 3.
0:15 of 2nd period - David Krejci wins face-off versus Eric Staal in neutral zone.
0:50 of 2nd period - Slapshot by Erik Karlsson.
0:50 of 2nd period - Shot Blocked by Jared Spurgeon.
0:52 of 2nd period - Slapshot by Kevin Klein.
0:52 of 2nd period - Stopped by Jonas Hiller with a rebound.
1:24 of 2nd period - Snap shot by Joe Pavelski.
1:24 of 2nd period - Stopped by Jonas Hiller without a rebound.
1:25 of 2nd period - Marcel Goc wins face-off versus Mike Fisher in Hurricanes zone.
2:00 of 2nd period - Wrist shot by Lauri Korpikoski.
2:00 of 2nd period - Stopped by Jonas Hiller with a rebound.
2:02 of 2nd period - Wrist shot by Marcel Goc.
2:02 of 2nd period - Stopped by Jonas Hiller without a rebound.
2:03 of 2nd period - Mikhail Grabovski wins face-off versus Paul Gaustad in Hurricanes zone.
2:20 of 2nd period - Slapshot by Travis Hamonic.
2:20 of 2nd period - Shot Misses the Net.
2:24 of 2nd period - Wrist shot by Tyler Ennis.
2:24 of 2nd period - Shot Misses the Net.
3:02 of 2nd period - Wrist shot by Viktor Stalberg.
3:02 of 2nd period - Stopped by Braden Holtby without a rebound.
3:03 of 2nd period - Viktor Stalberg wins face-off versus David Krejci in Islanders zone.
3:04 of 2nd period - Wrist shot by Stephen Gionta.
3:04 of 2nd period - Stopped by Braden Holtby with a rebound.
4:01 of 2nd period - Wrist shot by Marian Gaborik.
4:01 of 2nd period - Shot Misses the Net.
4:03 of 2nd period - Wrist shot by Marian Gaborik.
4:03 of 2nd period - Shot Misses the Net.
4:05 of 2nd period - Slapshot by Jared Spurgeon.
4:05 of 2nd period - Stopped by Braden Holtby without a rebound.
4:06 of 2nd period - Joe Pavelski wins face-off versus Eric Staal in Islanders zone.
4:49 of 2nd period - Jared Spurgeon is hit by Dustin Brown and loses puck.
4:58 of 2nd period - Stephane Robidas is hit by Dustin Brown and loses puck.
5:12 of 2nd period - Snap shot by Tyler Ennis.
5:12 of 2nd period - Stopped by Jonas Hiller without a rebound.
5:13 of 2nd period - Marcel Goc wins face-off versus Mikhail Grabovski in Hurricanes zone.
5:14 of 2nd period - Slapshot by Patrik Berglund.
5:14 of 2nd period - Deflect By Thomas Hickey.
5:14 of 2nd period - Shot Blocked by Marco Scandella.
5:14 of 2nd period - Puck is out of play.
5:15 of 2nd period - Marcel Goc wins face-off versus Martin Hanzal in Hurricanes zone.
5:52 of 2nd period - Wrist shot by Matt Read.
5:52 of 2nd period - Stopped by Braden Holtby with a rebound.
5:58 of 2nd period - Minor Penalty to Olli Maatta for Slashing.
5:59 of 2nd period - Paul Gaustad wins face-off versus Mike Fisher in Islanders zone.
6:22 of 2nd period - Snap shot by Mike Fisher.
6:22 of 2nd period - Deflect By Marian Gaborik.
6:22 of 2nd period - Shot Blocked by Paul Gaustad.
6:22 of 2nd period - Puck is out of play.
6:23 of 2nd period - Eric Staal wins face-off versus Paul Gaustad in Islanders zone.
7:18 of 2nd period - Paul Gaustad is hit by Marian Gaborik and loses puck.
7:29 of 2nd period - Rob Scuderi is hit by Marco Scandella and loses puck.
7:58 of 2nd period - Penalty to Olli Maatta is over, Olli Maatta is back on ice.
9:19 of 2nd period - Wrist shot by Joe Pavelski.
9:19 of 2nd period - Stopped by Jonas Hiller without a rebound.
9:20 of 2nd period - Joe Pavelski wins face-off versus Andrew Ebbett in Hurricanes zone.
9:51 of 2nd period - Wrist shot by Tyler Ennis.
9:51 of 2nd period - Shot Blocked by Stephane Robidas.
9:53 of 2nd period - Minor Penalty to Stephane Robidas for Interference.
9:54 of 2nd period - Martin Hanzal wins face-off versus David Krejci in Hurricanes zone.
11:51 of 2nd period - Fedor Tyutin is hit by Brandon Pirri and loses puck.
11:53 of 2nd period - Penalty to Stephane Robidas is over, Stephane Robidas is back on ice.
12:25 of 2nd period - Slapshot by Patrik Berglund.
12:25 of 2nd period - Stopped by Jonas Hiller with a rebound.
12:27 of 2nd period - Slapshot by Alexei Emelin.
12:27 of 2nd period - Deflect By Patrik Berglund.
12:27 of 2nd period - Goal by Patrik Berglund - Islanders : 2 - Hurricanes : 3.
12:28 of 2nd period - Mike Fisher wins face-off versus Marcel Goc in neutral zone.
12:37 of 2nd period - Wrist shot by Josh Bailey.
12:37 of 2nd period - Shot Misses the Net.
13:43 of 2nd period - Snap shot by Tyler Ennis.
13:43 of 2nd period - Shot Blocked by Jared Spurgeon.
14:08 of 2nd period - Jared Spurgeon is hit by Alexei Emelin.
14:18 of 2nd period - Matt Read is hit by Alexei Emelin and loses puck.
14:29 of 2nd period - Wrist shot by Martin Hanzal.
14:29 of 2nd period - Stopped by Braden Holtby with a rebound.
14:31 of 2nd period - Slapshot by Marco Scandella.
14:31 of 2nd period - Stopped by Braden Holtby with a rebound.
14:35 of 2nd period - Wrist shot by Matt Read.
14:35 of 2nd period - Stopped by Braden Holtby with a rebound.
14:37 of 2nd period - Slapshot by Mike Weaver.
14:37 of 2nd period - Stopped by Braden Holtby with a rebound.
14:39 of 2nd period - Slapshot by Matt Read.
14:39 of 2nd period - Shot Misses the Net.
14:41 of 2nd period - Snap shot by Fedor Tyutin.
14:41 of 2nd period - Deflect By Martin Hanzal.
14:41 of 2nd period - Stopped by Braden Holtby with a rebound.
14:43 of 2nd period - Slapshot by Fedor Tyutin.
14:43 of 2nd period - Deflect By Mikhail Grabovski.
14:43 of 2nd period - Shot Misses the Net.
14:43 of 2nd period - Puck is out of play.
14:44 of 2nd period - Mike Fisher wins face-off versus Marcel Goc in Islanders zone.
15:23 of 2nd period - Stephane Robidas is hit by Kevin Klein and loses puck.
17:10 of 2nd period - Kris Versteeg is hit by Marian Hossa and loses puck.
17:27 of 2nd period - Snap shot by Lauri Korpikoski.
17:27 of 2nd period - Shot Misses the Net.
17:59 of 2nd period - Snap shot by Tyler Ennis.
17:59 of 2nd period - Stopped by Jonas Hiller with a rebound.
18:41 of 2nd period - Wrist shot by Andrew Ebbett.
18:41 of 2nd period - Stopped by Braden Holtby with a rebound.
18:56 of 2nd period - Mike Weaver is hit by Alexei Emelin and loses puck.
19:45 of 2nd period - Off-side.
19:46 of 2nd period - Eric Staal wins face-off versus Lauri Korpikoski in neutral zone.
19:51 of 2nd period - Wrist shot by Eric Staal.
19:51 of 2nd period - Stopped by Braden Holtby with a rebound.
19:57 of 2nd period - Wrist shot by Eric Staal.
19:57 of 2nd period - Stopped by Braden Holtby without a rebound.
19:58 of 2nd period - Paul Gaustad wins face-off versus Eric Staal in Islanders zone.
Goals for this period are 2 for Islanders vs 0 for Hurricanes.
Shots for this period are 10 for Islanders vs 12 for Hurricanes.

3rd period


0:01 of 3rd period - David Krejci wins face-off versus Mike Fisher in neutral zone.
0:59 of 3rd period - Fedor Tyutin is hit by Carl Hagelin and loses puck.
1:31 of 3rd period - Off-side.
1:32 of 3rd period - Martin Hanzal wins face-off versus Tyler Ennis in neutral zone.
1:45 of 3rd period - Snap shot by Travis Hamonic.
1:45 of 3rd period - Shot Blocked by Mike Weaver.
1:47 of 3rd period - Wrist shot by Dustin Brown.
1:47 of 3rd period - Stopped by Jonas Hiller with a rebound.
1:49 of 3rd period - Snap shot by Paul Gaustad.
1:49 of 3rd period - Stopped by Jonas Hiller without a rebound.
1:50 of 3rd period - Paul Gaustad wins face-off versus Martin Hanzal in Hurricanes zone.
1:51 of 3rd period - Snap shot by Tyler Ennis.
1:51 of 3rd period - Shot Blocked by Fedor Tyutin.
1:53 of 3rd period - Slapshot by Travis Hamonic.
1:53 of 3rd period - Stopped by Jonas Hiller with a rebound.
2:37 of 3rd period - Olli Maatta is hit by Viktor Stalberg.
2:45 of 3rd period - Stephen Gionta is hit by Travis Hamonic and loses puck.
4:31 of 3rd period - Slapshot by Joe Pavelski.
4:31 of 3rd period - Shot Misses the Net.
4:33 of 3rd period - Wrist shot by Rob Scuderi.
4:33 of 3rd period - Stopped by Jonas Hiller with a rebound.
4:35 of 3rd period - Slapshot by Rob Scuderi.
4:35 of 3rd period - Shot Misses the Net.
4:39 of 3rd period - Snap shot by Carl Hagelin.
4:39 of 3rd period - Shot Misses the Net.
4:41 of 3rd period - Slapshot by Alexei Emelin.
4:41 of 3rd period - Shot Blocked by Marco Scandella.
4:43 of 3rd period - Snap shot by Rob Scuderi.
4:43 of 3rd period - Shot Misses the Net.
5:14 of 3rd period - Icing by Tyler Ennis.
5:15 of 3rd period - Paul Gaustad wins face-off versus Martin Hanzal in Islanders zone.
5:15 of 3rd period - Paul Gaustad is hit by Matt Read.
5:30 of 3rd period - Minor Penalty to Dustin Brown for Holding.
5:31 of 3rd period - Paul Gaustad wins face-off versus Mike Fisher in Islanders zone.
5:53 of 3rd period - Snap shot by Marian Gaborik.
5:53 of 3rd period - Goal by Marian Gaborik - Islanders : 2 - Hurricanes : 4.
5:54 of 3rd period - Andrew Ebbett wins face-off versus David Krejci in neutral zone.
6:09 of 3rd period - Wrist shot by Viktor Stalberg.
6:09 of 3rd period - Stopped by Braden Holtby without a rebound.
6:10 of 3rd period - David Krejci wins face-off versus Andrew Ebbett in Islanders zone.
6:15 of 3rd period - Wrist shot by David Krejci.
6:15 of 3rd period - Shot Blocked by Viktor Stalberg.
6:32 of 3rd period - Snap shot by Viktor Stalberg.
6:32 of 3rd period - Shot Blocked by Brandon Pirri.
7:03 of 3rd period - Mike Fisher is hit by Carl Hagelin and loses puck.
7:18 of 3rd period - Wrist shot by Joe Pavelski.
7:18 of 3rd period - Stopped by Jonas Hiller with a rebound.
7:30 of 3rd period - Slapshot by Jiri Hudler.
7:30 of 3rd period - Shot Misses the Net.
7:57 of 3rd period - Minor Penalty to Marco Scandella for Holding.
7:58 of 3rd period - David Krejci wins face-off versus Andrew Ebbett in Hurricanes zone.
8:51 of 3rd period - Stephen Gionta is hit by Marian Hossa and loses puck.
9:06 of 3rd period - Andrew Ebbett is hit by Dustin Brown and loses puck.
9:57 of 3rd period - Penalty to Marco Scandella is over, Marco Scandella is back on ice.
10:11 of 3rd period - Eric Staal is hit by Marcel Goc and loses puck.
10:18 of 3rd period - Slapshot by Thomas Hickey.
10:18 of 3rd period - Stopped by Braden Holtby with a rebound.
10:20 of 3rd period - Slapshot by Thomas Hickey.
10:20 of 3rd period - Shot Misses the Net.
10:22 of 3rd period - Snap shot by Jiri Hudler.
10:22 of 3rd period - Stopped by Braden Holtby with a rebound.
10:24 of 3rd period - Snap shot by Marco Scandella.
10:24 of 3rd period - Stopped by Braden Holtby with a rebound.
11:12 of 3rd period - Snap shot by Marian Gaborik.
11:12 of 3rd period - Stopped by Braden Holtby without a rebound.
11:13 of 3rd period - Joe Pavelski wins face-off versus Andrew Ebbett in Islanders zone.
11:33 of 3rd period - Snap shot by Viktor Stalberg.
11:33 of 3rd period - Shot Misses the Net.
11:35 of 3rd period - Wrist shot by Stephane Robidas.
11:35 of 3rd period - Shot Misses the Net.
11:37 of 3rd period - Backhand shot by Jared Spurgeon.
11:37 of 3rd period - Deflect By Stephen Gionta.
11:37 of 3rd period - Shot Misses the Net.
11:37 of 3rd period - Puck is out of play.
11:38 of 3rd period - Marcel Goc wins face-off versus Mike Fisher in Islanders zone.
11:38 of 3rd period - Marcel Goc is hit by Thomas Hickey.
11:55 of 3rd period - Snap shot by Mike Fisher.
11:55 of 3rd period - Shot Misses the Net.
11:57 of 3rd period - Slapshot by Marco Scandella.
11:57 of 3rd period - Shot Misses the Net.
11:59 of 3rd period - Slapshot by Marco Scandella.
11:59 of 3rd period - Deflect By Olli Maatta.
11:59 of 3rd period - Stopped by Braden Holtby with a rebound.
12:01 of 3rd period - Slapshot by Marco Scandella.
12:01 of 3rd period - Deflect By Mike Fisher.
12:01 of 3rd period - Shot Misses the Net.
12:01 of 3rd period - Puck is out of play.
12:02 of 3rd period - David Krejci wins face-off versus Martin Hanzal in Islanders zone.
12:02 of 3rd period - David Krejci is hit by Martin Hanzal.
12:54 of 3rd period - Alexei Emelin is hit by Mike Weaver and loses puck.
13:56 of 3rd period - Minor Penalty to Travis Hamonic for Interference.
13:57 of 3rd period - Eric Staal wins face-off versus Paul Gaustad in Islanders zone.
15:02 of 3rd period - Carl Hagelin is hit by Josh Bailey and loses puck.
15:07 of 3rd period - Wrist shot by Marian Gaborik.
15:07 of 3rd period - Goal by Marian Gaborik - Islanders : 2 - Hurricanes : 5.
15:08 of 3rd period - Mikhail Grabovski wins face-off versus David Krejci in neutral zone.
15:45 of 3rd period - Slapshot by Erik Karlsson.
15:45 of 3rd period - Shot Misses the Net.
16:57 of 3rd period - Marcel Goc is hit by Marco Scandella and loses puck.
17:07 of 3rd period - Alexei Emelin is hit by Eric Staal.
17:59 of 3rd period - Snap shot by Viktor Stalberg.
17:59 of 3rd period - Deflect By Andrew Ebbett.
17:59 of 3rd period - Deflect By Tyler Ennis.
17:59 of 3rd period - Shot Misses the Net.
17:59 of 3rd period - Puck is out of play.
18:00 of 3rd period - David Krejci wins face-off versus Martin Hanzal in Islanders zone.
18:42 of 3rd period - Fedor Tyutin is hit by Brandon Pirri.
Goals for this period are 0 for Islanders vs 2 for Hurricanes.
Shots for this period are 5 for Islanders vs 8 for Hurricanes.